 Dungeon Crawl Stone Soup version 0.26-a0-708-g17f3b190f9 (webtiles) character file.

Game seed: 4108043238312088528

261 Brodoth the Grave Robber (level 5, -7/35 HPs)
             Began as a Vampire Necromancer on Oct 28, 2020.
             Killed from afar by a white imp (10 damage)
             ... with a puff of frost
             ... on level 5 of the Dungeon.
             The game lasted 00:21:13 (3465 turns).

Brodoth the Grave Robber (Vampire Necromancer)      Turns: 3465, Time: 00:21:14

Health: -7/35      AC:  2    Str:  7    XL:     5   Next: 96%
Magic:  10/10      EV: 10    Int: 18    God:
Gold:   185        SH:  6    Dex: 15    Spells: 7/11 levels left

rFire    . . .     SeeInvis +   p - +3 short sword (speed)
rCold    . . .     Faith    .   q - +0 kite shield
rNeg     . . .     Spirit   .   k - +0 robe
rPois    .         Reflect  .   (no helmet)
rElec    .         Harm     .   (no cloak)
rCorr    +         Rampage  .   (no gloves)
MR       .....                  (no boots)
Stlth    +++.......             (no amulet)
HPRegen  0.31/turn              m - ring of resist corrosion
MPRegen  0.12/turn              (no ring)

@: regenerating quickly
A: fangs 3, see invisible, unbreathing
a: Exsanguinate


You were on level 5 of the Dungeon.
You visited 1 branch of the dungeon, and saw 5 of its levels.

You collected 185 gold pieces.

Inventory:

Hand Weapons
 e - a +0 short sword
 j - a +1 whip of venom
 p - a +3 short sword of speed (weapon)
Missiles
 d - 170 stones (quivered)
 f - 27 arrows
 o - 12 sling bullets
Armour
 a - a +0 robe
 k - a +0 robe (worn)
 q - a +0 kite shield (worn)
Jewellery
 m - a ring of resist corrosion (left hand)
Scrolls
 b - a scroll of fog {unknown}
 c - a scroll of remove curse
 i - a scroll of identify
Potions
 g - a potion of curing
 h - 2 potions of degeneration {unknown}
 l - a potion of mutation {unknown}
 n - a potion of magic {unknown}


   Skills:
 + Level 0.1 Fighting
 + Level 2.6 Dodging
 + Level 3.6 Stealth
 + Level 0.5 Unarmed Combat
 + Level 3.8 Spellcasting
 + Level 6.3 Necromancy


You had 7 spell levels left.
You knew the following spells:

 Your Spells              Type           Power        Failure   Level
a - Pain                  Necr           ####         8%          1
b - Vampiric Draining     Necr           ####......   22%         3

Your spell library contained the following spells:

 Spells                   Type           Power        Failure   Level
 Animate Skeleton         Necr           ####..       8%          1
 Animate Dead             Necr           ####......   58%         4
 Agony                    Necr           ####....     91%         5


Dungeon Overview and Level Annotations

Branches:
Dungeon (5/15)
 Temple: D:4-7

Altars:
Ru

Annotations:
D:3 2 transporters


Innate Abilities, Weirdness & Mutations

Your natural rate of healing is unusually fast.
You have razor-sharp teeth.
You have supernaturally acute eyesight. (SInv)
You can survive without breathing.


Message History

* * * LOW HITPOINT WARNING * * *
You block the centaur zombie's attack.
Casting: Pain (safe; 8% risk of failure)
Confirm with . or Enter, or press ? or * to list all spells.
The spell is quite dangerous to cast (22% risk of failure)!
Continue anyway?
Okay, then.
Casting: Vampiric Draining (quite dangerous; 22% risk of failure)
Confirm with . or Enter, or press ? or * to list all spells.
The spell is quite dangerous to cast (22% risk of failure)!
Continue anyway?
Uppercase [Y]es or [N]o only, please.
The spell is quite dangerous to cast (22% risk of failure)!
Continue anyway?
Aiming: Vampiric Draining (quite dangerous; 22% risk of failure)
Press: ? - help, Shift-Dir - straight line, f - centaur zombie
Aim: a centaur zombie (almost destroyed)
You can't drain life from that!
You hit the centaur zombie.
The centaur zombie is almost destroyed.
The white imp gestures at you. The puff of frost hits you!
You die...

##########
#"....<..#
#........#
#.#........#
#...Z@....?#
#..........#
#....5.....#
###........#
#.####.###
.. .. ...
... .#.# ###


You could see a white imp and a centaur zombie.

Vanquished Creatures
  A scorpion (D:4)
  A hound (D:4)
  An iguana (D:4)
  An orc wizard (D:3)
  5 adders
  2 oozes
  An adder skeleton (D:4)
  2 worms
  2 dart slugs
  6 orcs (D:3)
  4 bats
  5 giant cockroaches
  4 goblins
  6 hobgoblins
  3 jackals (D:2)
  A quokka (D:3)
  2 frilled lizards
  12 kobolds
  A quokka skeleton (D:4)
  9 rats
69 creatures vanquished.

Notes
Turn   | Place    | Note
-------+----------+-------------------------------------------
     0 | D:1      | Brodoth the Vampire Necromancer began the quest for the
                  | Orb.
     0 | D:1      | Reached XP level 1. HP: 13/13 MP: 3/3
   361 | D:1      | Reached XP level 2. HP: 18/19 MP: 0/5
   696 | D:2      | Reached skill level 5 in Necromancy
   773 | D:2      | Reached XP level 3. HP: 23/24 MP: 3/6
   837 | D:2      | Learned a level 3 spell: Vampiric Draining
  1519 | D:3      | Noticed a killer bee
  1521 | D:3      | Noticed a bullfrog
  1591 | D:3      | Found a sacrificial altar of Ru.
  1597 | D:3      | Reached XP level 4. HP: 26/30 MP: 1/7
  1692 | D:3      | Found a transporter.
  1693 | D:3      | Found a transporter.
  2407 | D:3      | Reached XP level 5. HP: 35/35 MP: 7/9
  2713 | D:4      | Reached skill level 6 in Necromancy
  3453 | D:5      | Entered Level 5 of the Dungeon
  3465 | D:5      | Killed from afar by a white imp

Illustrated notes

Levels and vault maps discovered:
D:1:      nicolae_arrival_somewhat_less_tricky_arrival, layout_rooms
D:2:      layout_rooms
D:3:      layout_loops_ring, gammafunk_temple_overflow_arena,
          due_unseen_surprise
D:4:      layout_loops_cross
D:5:      lemuel_ice_spiral_2, layout_basic, grunt_qazlal_sundering,
          lemuel_coloured_pillars_altar, hangedman_decor_riveting

Skill      XL: |  1  2  3  4  5 |
---------------+----------------+-----
Necromancy     | 5 6 |  6.3
Spellcasting   | 3 |  3.8
Fighting       | |  0.1
Dodging        | |  2.6
Stealth        | |  3.6
Unarmed Combat | |  0.5

Action                   |  1- 3 |  4- 6 || total
-------------------------+-------+-------++-------
Melee: Unarmed           |     9 |       ||     9
       Bite              |     2 |     4 ||     6
       Short sword       |    16 |    14 ||    30
       Whip              |     2 |    22 ||    24
 Cast: Pain              |    67 |    58 ||   125
  Use: Scroll            |     5 |     1 ||     6
Armor: Robe              |     4 |     9 ||    13
Dodge: Dodged            |    31 |    29 ||    60
Block: Kite shield       |       |     6 ||     6

Table legend: (Time is in decaauts)
 A = Elapsed time spent in this place.
 B = Non-inter-level travel time spent in this place.
 C = Inter-level travel time spent in this place.
 D = Time resting spent in this place.
 E = Time spent auto-exploring this place.
 F = Levels seen in this place.
 G = Mean time per level.
                   A        B        C        D        E       F      G
               +--------+--------+--------+--------+--------+-----+--------+
         Total |   3463 |   3098 |    365 |   1031 |   1586 |   5 |  692.6 |
       Dungeon |   3463 |   3098 |    365 |   1031 |   1586 |   5 |  692.6 |
               +--------+--------+--------+--------+--------+-----+--------+

Top non-repeatable levels by time:
     D:3: 1321 daAuts
     D:4: 764 daAuts
     D:1: 686 daAuts
     D:2: 679 daAuts
     D:5: 10 daAuts
